 Dungeon Crawl Stone Soup version 0.28-a0-1199-gef9e1dbd39 (webtiles) character file.

Game seed: 3779713283154067974

290 Sabo the Scratcher (level 6, 0/28 HPs)
             Began as a Felid Berserker on Dec 19, 2021.
             Was a Believer of Trog.
             Slain by a black bear (2 damage)
             ... on level 4 of the Dungeon.
             The game lasted 00:19:16 (5490 turns).

Sabo the Scratcher (Felid Berserker)                Turns: 5490, Time: 00:19:19

Health: 0/28       AC:  2    Str: 15    XL:     6   Next: 9%
Magic:  7/7        EV: 19    Int:  9    God:    Trog [**....]
Gold:   228        SH:  0    Dex: 15    Spells: 5/5 levels left
                                        Lives:  0   Deaths: 1

rFire   . . .      SeeInvis +     - Unarmed
rCold   . . .      Faith    .   (shield unavailable)
rNeg    . . .      Spirit   .   (armour unavailable)
rPois   .          Reflect  .   (helmet unavailable)
rElec   .          Harm     .   (cloak unavailable)
rCorr   .          Rampage  .   (gloves unavailable)
Will    .....                   (boots unavailable)
Stlth   ++........              (no amulet)
HPRegen 0.09/turn               (no ring)
MPRegen 0.10/turn               (no ring)

@: quick
A: very small, claws 1, fangs 3, see invisible, speed 1, shaggy fur 2, stealthy
paws, no weapons or thrown items, no armour, multi-lived
a: Renounce Religion, Berserk, Trog's Hand


You were on level 4 of the Dungeon.
You worshipped Trog.
Trog was pleased with you.
You visited 1 branch of the dungeon, and saw 4 of its levels.

You collected 228 gold pieces.

Inventory:

Wands
 h - a wand of polymorph (13) (quivered)
Scrolls
 a - 2 scrolls of magic mapping
 b - 4 scrolls of teleportation
 c - 2 scrolls of fog {unknown}
 e - a scroll of silence {unknown}
 g - a scroll of enchant armour {unknown}
Potions
 d - a potion of attraction {unknown}
 f - a potion of flight {unknown}
 i - a potion of lignification {unknown}
 j - a potion of mutation {unknown}
 k - 2 potions of curing {unknown}
 l - a potion of brilliance {unknown}
 m - a potion of ambrosia {unknown}


   Skills:
 + Level 3.8 Fighting
 + Level 5.7 Dodging
 + Level 3.6 Stealth
 + Level 5.7 Unarmed Combat


You had 5 spell levels left.
You didn't know any spells.
Your spell library was empty.

Dungeon Overview and Level Annotations

Branches:
Dungeon (4/15)
 Temple: D:4-7

Altars:
Ashenzari
Dithmenos
Gozag
Yredelemnul
The Shining One


Innate Abilities, Weirdness & Mutations

You have sharp claws.
You have razor-sharp teeth.
You have supernaturally acute eyesight. (SInv)
You cover ground quickly. (Speed+)
You are covered in thick fur. (AC +2)
Your paws help you pounce on unaware monsters.
You are incapable of wielding weapons or throwing items.
You cannot wear armour.
You gain extra lives every three experience levels.


Message History

The black bear growls angrily.
You barely miss the black bear. The black bear barely misses you.
The black bear completely misses you. The black bear claws you.
You scratch the black bear but do no damage.
You bite the black bear.
The black bear is lightly wounded.
The black bear bites you. The black bear barely misses you.
The black bear claws you.
You scratch the black bear.
The black bear is moderately wounded.
The black bear closely misses you.
The black bear claws you but does no damage.
The black bear claws you.
You scratch the black bear but do no damage.
The black bear is moderately wounded.
The black bear closely misses you. The black bear claws you. x2
You closely miss the black bear.
You claw the black bear, but do no damage.
The black bear is moderately wounded.
You scratch the black bear. You bite the black bear.
The black bear is heavily wounded.
The black bear barely misses you. The black bear claws you.
The black bear completely misses you.
You scratch the black bear.
The black bear is severely wounded.
The black bear barely misses you.
The black bear claws you but does no damage.
The black bear completely misses you.
You scratch the black bear.
You bite the black bear, but do no damage.
The black bear is severely wounded.
The black bear closely misses you. x2; The black bear claws you.
* * * LOW HITPOINT WARNING * * *
You closely miss the black bear.
The black bear is severely wounded.
The black bear bites you.
* * * LOW HITPOINT WARNING * * *
The black bear claws you but does no damage.
The black bear claws you.
You die...

##.....#####............#........
#.......# ###.........##........
#....(.## ###...#..## ........
#..#.#.# ###...## ...>....
##.._..# ###.# ........ ###.#.#
##### #.## ........ #...# ##....
###..# ##### ##.....##....####..
#.....h@.........##
.....?.............
############.###### ##


You could see a black bear.

Vanquished Creatures
  A kobold brigand (D:3)
  2 scorpions (D:4)
  The ghost of sirJeffrey23 the Chopper, a weakling HOMo (D:3)
  An orc priest (D:3)
  A hound skeleton (D:4)
  4 adders
  6 dart slugs
  5 orcs
  8 endoplasms
  7 giant cockroaches
  8 goblins
  6 hobgoblins
  2 jackals (D:1)
  5 quokkas
  5 ball pythons
  7 bats
  2 frilled lizards
  12 kobolds
  3 rats
86 creatures vanquished.

Vanquished Creatures (others)
  3 fungi (D:3)
  A plant (D:3)
4 creatures vanquished.

Grand Total: 90 creatures vanquished

Notes
Turn   | Place    | Note
-------+----------+-------------------------------------------
     0 | D:1      | Sabo the Felid Berserker began the quest for the Orb.
     0 | D:1      | Reached XP level 1. HP: 10/10 MP: 2/2
   120 | D:1      | Reached XP level 2. HP: 8/14 MP: 3/3
   606 | D:1      | Found a faded altar of an unknown god.
   613 | D:1      | Reached ** piety under Trog
   614 | D:1      | Reached XP level 3. HP: 17/17 MP: 4/4
  1985 | D:3      | Reached skill level 5 in Dodging
  1985 | D:3      | Reached skill level 1 in Stealth
  1985 | D:3      | Reached XP level 4. HP: 21/21 MP: 5/5
  3335 | D:3      | Found a runed translucent gate.
  3335 | D:3      | Found a runed translucent gate.
  3337 | D:3      | Found a runed translucent gate.
  3338 | D:3      | Noticed sirJeffrey23's ghost (weakling HOMo)
  3340 | D:3      | Noticed a kobold brigand
  3438 | D:3      | Found a glowing golden altar of the Shining One.
  3602 | D:3      | Killed sirJeffrey23's ghost
  3603 | D:3      | Reached XP level 5. HP: 13/24 MP: 6/6
  3613 | D:3      | Reached skill level 5 in Unarmed Combat
  3623 | D:3      | Slain by a kobold
  3624 | D:3      | Reached XP level 4. HP: 0/22 MP: 5/5
  3787 | D:4      | Found an opulent altar of Gozag.
  3812 | D:4      | Found a shadowy altar of Dithmenos.
  3829 | D:4      | Reached XP level 5. HP: 7/25 MP: 6/6
  4342 | D:4      | Found a broken altar of Ashenzari.
  4984 | D:4      | Reached *** piety under Trog
  5289 | D:4      | Gained mutation: You are covered in thick fur. (AC +2)
                  | [Felid growth]
  5289 | D:4      | Reached XP level 6. HP: 28/28 MP: 7/7
  5415 | D:4      | Found a basalt altar of Yredelemnul.
  5490 | D:4      | Slain by a black bear

Illustrated notes

Levels and vault maps discovered:
D:1:      dpeg_arrival_signposts, layout_basic,
          ebering_ecumenical_altar_sacrificial
D:2:      layout_rooms
D:3:      layout_basic, mainiacjoe_overflow_concentric_impassable,
          gammafunk_ghost_nasty_kobolds, minmay_misc_feat_x
D:4:      layout_cave_pods, overflow_temple_1_default, lemuel_crystal_altar,
          mainiacjoe_overflow_large_starburst, serial_bayou_crossing

Skill      XL: |  1  2  3  4  5 |
---------------+----------------+-----
Dodging        | 5 |  5.7
Stealth        | 1 2 3 |  3.6
Unarmed Combat | 4 5 |  5.7
Fighting       | |  3.8

Action                   |  1- 3 |  4- 6 || total
-------------------------+-------+-------++-------
Melee: Unarmed           |   103 |   157 ||   260
       Bite              |     7 |    17 ||    24
       Punch             |     2 |     6 ||     8
Invok: Berserk           |       |     5 ||     5
  Use: Scroll            |     2 |       ||     2
 Stab: Sleeping          |       |     3 ||     3
Armor: Skin              |     4 |     7 ||    11
Dodge: Dodged            |    85 |   120 ||   205

Table legend: (Time is in decaauts)
 A = Elapsed time spent in this place.
 B = Non-inter-level travel time spent in this place.
 C = Inter-level travel time spent in this place.
 D = Time resting spent in this place.
 E = Time spent auto-exploring this place.
 F = Levels seen in this place.
 G = Mean time per level.
                   A        B        C        D        E       F      G
               +--------+--------+--------+--------+--------+-----+--------+
         Total |   4962 |   4962 |      0 |   2462 |      0 |   4 | 1240.5 |
       Dungeon |   4962 |   4962 |      0 |   2462 |      0 |   4 | 1240.5 |
               +--------+--------+--------+--------+--------+-----+--------+

Top non-repeatable levels by time:
     D:4: 1610 daAuts
     D:3: 1605 daAuts
     D:1: 1186 daAuts
     D:2: 559 daAuts
